[Event "Ch FRA 2024 Open C"]
[Site "ALPE D'HUEZ, France"]
[Date "2024.08.21"]
[Round "5.1"]
[White "LEVY, Theo"]
[Black "PERUSSET, Barbara"]
[Result "1/2-1/2"]
[ECO "A13"]
[WhiteElo "1800"]
[BlackElo "1828"]
[PlyCount "34"]
[EventDate "2024.??.??"]
[TimeControl "90/40+30:0"]

1. c4 {8} e6 {283} 2. g3 {113} d5 {39} 3. Bg2 {85} Nf6 {78} 4. Nf3 {132} Bd6 {
351} 5. d4 {151} c6 {415} 6. b3 {401} Nbd7 {550} 7. O-O {508} dxc4 {629} 8.
bxc4 {24} e5 {12} 9. e3 {234} c5 {707} 10. d5 {294} e4 {8} 11. Nfd2 {131} Be5 {
11} 12. Nb3 {6} Bxa1 {88} 13. Nxa1 {7} O-O {309} 14. Bb2 {63} Re8 {116} 15. Nb3
{282} b6 {133} 16. N1d2 {125} Ba6 {109} 17. a4 {48} Bc8 {5021} 1/2-1/2

[Event "Ch FRA 2024 Open C"]
[Site "ALPE D'HUEZ, France"]
[Date "2024.08.21"]
[Round "5.2"]
[White "BOHLI, Adam"]
[Black "UHRIMOV, Maxime"]
[Result "1/2-1/2"]
[ECO "A05"]
[WhiteElo "1843"]
[BlackElo "1820"]
[PlyCount "86"]
[EventDate "2024.??.??"]
[TimeControl "90/40+30:0"]

1. Nf3 {914} Nf6 {22} 2. b3 {13} e6 {48} 3. Bb2 {13} c5 {63} 4. e3 {107} b6 {
258} 5. c4 {832} Bb7 {103} 6. Nc3 {68} Be7 {131} 7. Be2 {261} O-O {68} 8. O-O {
4} Nc6 {174} 9. Rc1 {62} d5 {174} 10. cxd5 {20} Nxd5 {28} 11. Nxd5 {258} Qxd5 {
83} 12. Rc4 {657} e5 {298} 13. Qa1 {496} Bf6 {6720} 14. Rg4 {21} h5 {205} 15.
Rg3 {326} h4 {80} 16. Rg4 {10} Bc8 {44} 17. Rg6 {290} Qd6 {58} 18. Rxf6 {157}
Qxf6 {16} 19. Nxe5 {22} Nxe5 {23} 20. Bxe5 {2} Qg6 {26} 21. Bf3 {57} Ba6 {0}
22. Rd1 {159} Rad8 {46} 23. d4 {13} f6 {336} 24. Bc7 {147} Rd7 {70} 25. Bf4 {5}
Bb7 {87} 26. Bxb7 {45} Rxb7 {1} 27. d5 {0} Qf5 {56} 28. h3 {141} g5 {247} 29.
Bh2 {39} g4 {51} 30. Qb1 {35} Qxb1 {121} 31. Rxb1 {0} f5 {61} 32. hxg4 {89}
fxg4 {2} 33. e4 {0} Rbf7 {105} 34. Bd6 {17} Rd8 {109} 35. e5 {61} Rf5 {91} 36.
Re1 {230} Kf7 {363} 37. Re4 {50} g3 {49} 38. f3 {277} Rxd6 {161} 39. exd6 {13}
Rxd5 {12} 40. Kf1 {42} Rd4 {406} 41. Re7+ {365} Kf6 {47} 42. Ke2 {108} Rxd6 {
685} 43. Rxa7 {20} Rd1 {Kf1 Ke5+ [%emt 00:00:02] 114} 1/2-1/2

[Event "Ch FRA 2024 Open C"]
[Site "ALPE D'HUEZ, France"]
[Date "2024.08.21"]
[Round "5.3"]
[White "DESMET, Cyprien"]
[Black "PROKHOROV, Makar"]
[Result "1-0"]
[ECO "B23"]
[WhiteElo "1839"]
[BlackElo "1816"]
[PlyCount "99"]
[EventDate "2024.??.??"]
[TimeControl "90/40+30:0"]

1. e4 {0} c5 {13} 2. Nc3 {9} Nc6 {7} 3. f4 {43} g6 {19} 4. Nf3 {39} Bg7 {27} 5.
g3 {35} e6 {34} 6. Bg2 {44} Nge7 {28} 7. O-O {51} O-O {39} 8. d3 {54} d5 {12}
9. Bd2 {56} b6 {117} 10. Qe2 {590} Re8 {54} 11. g4 {264} Bb7 {65} 12. e5 {126}
a6 {122} 13. Be1 {94} b5 {79} 14. Rb1 {103} Qd7 {429} 15. Bh4 {321} Rf8 {624}
16. Bf6 {493} d4 {280} 17. Ne4 {483} Nd5 {103} 18. Nxc5 {380} Qc7 {196} 19.
Bxg7 {573} Kxg7 {26} 20. Ng5 {274} Rae8 {5848} 21. Bxd5 {255} exd5 {19} 22.
Nxb7 {113} Qxb7 {36} 23. Rbe1 {119} h6 {406} 24. Nf3 {154} Qd7 {204} 25. Qg2 {
89} Kh7 {48} 26. h4 {247} Rg8 {71} 27. Kh2 {86} Re6 {463} 28. Qh3 {55} Rge8 {89
} 29. f5 {189} R6e7 {22} 30. f6 {82} Re6 {7} 31. Ng5+ {25} Kg8 {110} 32. Nxe6 {
19} Qxe6 {21} 33. g5 {80} Qxh3+ {16} 34. Kxh3 {3} h5 {0} 35. e6 {50} Rxe6 {10}
36. Rxe6 {8} fxe6 {2} 37. f7+ {20} Kf8 {3} 38. a3 {156} Nd8 {48} 39. Rf6 {52}
a5 {6} 40. Kg3 {96} a4 {4} 41. Kf4 {58} e5+ {22} 42. Kxe5 {49} Nxf7+ {2} 43.
Ke6 {19} Kg8 {4} 44. Rxf7 {26} b4 {4} 45. axb4 {21} a3 {0} 46. bxa3 {19} Kh8 {2
} 47. b5 {14} Kg8 {0} 48. b6 {10} Kh8 {3} 49. b7 {7} Kg8 {5} 50. b8=Q# {6} 1-0

[Event "Ch FRA 2024 Open C"]
[Site "ALPE D'HUEZ, France"]
[Date "2024.08.21"]
[Round "5.4"]
[White "PUDDU ABRIGO, Raphael"]
[Black "SABAPATHEE, Florian"]
[Result "0-1"]
[ECO "B21"]
[WhiteElo "1776"]
[BlackElo "1776"]
[PlyCount "71"]
[EventDate "2024.??.??"]
[TimeControl "90/40+30:0"]

1. e4 {0} c5 {7} 2. d4 {2} cxd4 {48} 3. c3 {0} dxc3 {148} 4. Nxc3 {0} Nc6 {12}
5. Bc4 {2} d6 {109} 6. Nf3 {6} Nf6 {111} 7. O-O {82} g6 {136} 8. h3 {140} Bg7 {
26} 9. Qe2 {13} O-O {72} 10. Rd1 {1} Nd7 {479} 11. Bg5 {900} Nde5 {262} 12. Bb3
{209} Nxf3+ {680} 13. Qxf3 {81} Nd4 {69} 14. Rxd4 {1573} Bxd4 {79} 15. Nd5 {16}
Qa5 {1169} 16. Bxe7 {4564} Be6 {494} 17. Bxd6 {133} Rfe8 {541} 18. Rd1 {1054}
Bg7 {287} 19. Nc7 {72} Bxb3 {317} 20. Qxb3 {15} Red8 {131} 21. Nxa8 {56} Rxd6 {
54} 22. Rc1 {395} Rc6 {366} 23. Rd1 {261} Be5 {58} 24. Qxb7 {163} Qd2 {194} 25.
Rf1 {120} Rc1 {284} 26. g3 {201} Rc2 {201} 27. Kg2 {150} Rxb2 {52} 28. Qxa7 {
340} Qd3 {51} 29. Kg1 {115} Bd4 {29} 30. Qc7 {0} Bxf2+ {34} 31. Rxf2 {19} Qd1+
{25} 32. Kg2 {38} Rxf2+ {16} 33. Kxf2 {0} Qd2+ {29} 34. Kf3 {0} Qd3+ {0} 35.
Kf4 {124} Qd2+ {40} 36. Ke5 {45} 0-1

[Event "Ch FRA 2024 Open C"]
[Site "ALPE D'HUEZ, France"]
[Date "2024.08.22"]
[Round "6.1"]
[White "PERUSSET, Barbara"]
[Black "DESMET, Cyprien"]
[Result "1/2-1/2"]
[ECO "C47"]
[WhiteElo "1828"]
[BlackElo "1839"]
[PlyCount "44"]
[EventDate "2024.??.??"]
[TimeControl "90/40+30:0"]

1. e4 {30} e5 {5} 2. Nf3 {43} Nc6 {6} 3. Nc3 {75} Nf6 {7} 4. d4 {78} exd4 {10}
5. Nxd4 {22} Bb4 {8} 6. Nxc6 {66} bxc6 {7} 7. Bd3 {12} d5 {10} 8. exd5 {12} O-O
{16} 9. O-O {12} Bg4 {42} 10. f3 {32} Bh5 {23} 11. dxc6 {19} Qd4+ {16} 12. Kh1
{48} Bxc3 {19} 13. bxc3 {5} Qxc3 {12} 14. Bf4 {542} Qxc6 {134} 15. Qd2 {420}
Rfd8 {1221} 16. Qf2 {126} Nd5 {331} 17. Bg3 {485} Qb6 {503} 18. Rab1 {634} Qxf2
{0} 19. Bxf2 {213} a5 {438} 20. a3 {619} Bg6 {600} 21. Bxg6 {333} hxg6 {44} 22.
c4 {533} Nb6 {776} 1/2-1/2

[Event "Ch FRA 2024 Open C"]
[Site "ALPE D'HUEZ, France"]
[Date "2024.08.22"]
[Round "6.2"]
[White "SABAPATHEE, Florian"]
[Black "LEVY, Theo"]
[Result "0-1"]
[ECO "E90"]
[WhiteElo "1776"]
[BlackElo "1800"]
[PlyCount "86"]
[EventDate "2024.??.??"]
[TimeControl "90/40+30:0"]

1. e4 {5} g6 {58} 2. d4 {76} Bg7 {107} 3. c4 {164} d6 {41} 4. Nc3 {75} Nd7 {63}
5. Nf3 {198} e5 {145} 6. Be2 {457} Ngf6 {337} 7. Be3 {569} exd4 {1007} 8. Nxd4
{108} Nc5 {48} 9. f3 {140} c6 {377} 10. Qd2 {613} O-O {1484} 11. O-O-O {243}
Qa5 {11} 12. g4 {332} Na4 {185} 13. Nb3 {381} Qb4 {106} 14. Bd4 {537} c5 {316}
15. Be3 {436} Be6 {392} 16. Nb5 {226} Ne8 {261} 17. Qxb4 {166} Bxb2+ {30} 18.
Kb1 {203} cxb4 {7} 19. Bd4 {181} Bxd4 {26} 20. N3xd4 {289} a6 {23} 21. Nxe6 {80
} fxe6 {52} 22. Nd4 {131} Nc3+ {227} 23. Kc2 {136} e5 {48} 24. Rd3 {34} exd4 {
20} 25. Bf1 {47} Nxa2 {28} 26. Bg2 {13} a5 {57} 27. Rxd4 {7} Nc3 {26} 28. Re1 {
56} a4 {40} 29. e5 {26} dxe5 {36} 30. Rxe5 {42} a3 {17} 31. Re1 {2} Rf7 {38}
32. c5 {25} a2 {47} 33. Ra1 {6} Nc7 {125} 34. Rxb4 {60} N7d5 {22} 35. Rb2 {32}
Ra3 {158} 36. Rb3 {44} Rxb3 {104} 37. Kxb3 {2} Re7 {38} 38. Bf1 {57} Re3 {100}
39. Bc4 {15} Rxf3 {34} 40. Bxd5+ {31} Nxd5+ {12} 41. Kxa2 {6} Rc3 {70} 42. Rb1
{21} Rxc5 {28} 43. Rxb7 {2} Rc2+ {h4 [%emt 00:00:24] 41} 0-1

[Event "Ch FRA 2024 Open C"]
[Site "ALPE D'HUEZ, France"]
[Date "2024.08.22"]
[Round "6.3"]
[White "TIRAN, Baptiste"]
[Black "ETIENNE, Benjamin"]
[Result "1-0"]
[ECO "B10"]
[WhiteElo "1847"]
[BlackElo "1789"]
[PlyCount "49"]
[EventDate "2024.??.??"]
[TimeControl "90/40+30:0"]

1. e4 {10} c6 {25} 2. Nc3 {15} d5 {20} 3. Nf3 {27} dxe4 {56} 4. Nxe4 {25} Nf6 {
47} 5. Nxf6+ {290} exf6 {26} 6. d4 {18} Bd6 {80} 7. Bd3 {40} O-O {144} 8. O-O {
19} Bg4 {294} 9. h3 {180} Bh5 {158} 10. c3 {104} Nd7 {228} 11. Be3 {399} Re8 {
212} 12. Be2 {353} Nf8 {222} 13. Qb3 {23} Bc7 {1163} 14. Qb4 {840} Qd6 {224}
15. Qxd6 {38} Bxd6 {6} 16. Rfd1 {155} Rad8 {117} 17. Kf1 {48} Bc7 {113} 18. c4
{215} Ne6 {223} 19. Ng1 {519} Bg6 {219} 20. d5 {113} cxd5 {177} 21. cxd5 {13}
Nf4 {239} 22. Bb5 {4} Re4 {295} 23. Rac1 {56} Rb4 {230} 24. Rxc7 {74} Rxb5 {5}
25. Bxf4 {11} 1-0

[Event "Ch FRA 2024 Open C"]
[Site "ALPE D'HUEZ, France"]
[Date "2024.08.22"]
[Round "6.4"]
[White "ANICETTE, Hugues"]
[Black "BOHLI, Adam"]
[Result "0-1"]
[ECO "E32"]
[WhiteElo "1766"]
[BlackElo "1843"]
[PlyCount "102"]
[EventDate "2024.??.??"]
[TimeControl "90/40+30:0"]

1. d4 {3} Nf6 {803} 2. c4 {107} e6 {168} 3. Nc3 {15} Bb4 {1} 4. Qc2 {145} b6 {
58} 5. e4 {269} Bxc3+ {507} 6. bxc3 {12} d6 {32} 7. Bd3 {405} O-O {204} 8. e5 {
464} dxe5 {293} 9. dxe5 {14} Bb7 {217} 10. Nf3 {740} Bxf3 {167} 11. gxf3 {19}
Nfd7 {206} 12. Bxh7+ {132} Kh8 {0} 13. Qe4 {114} Na6 {945} 14. Qg4 {1156} Kxh7
{587} 15. Rg1 {7} g6 {18} 16. Qh3+ {9} Kg8 {6} 17. Bg5 {13} f6 {254} 18. Qxe6+
{374} Kg7 {25} 19. exf6+ {454} Nxf6 {13} 20. Kf1 {118} Nc5 {110} 21. Qh3 {182}
Rh8 {65} 22. Qg3 {22} Qd6 {425} 23. Bf4 {118} Qd3+ {150} 24. Kg2 {41} Rh5 {325}
25. Bg5 {238} Rah8 {128} 26. h4 {292} Qd6 {66} 27. Bf4 {72} Qd3 {41} 28. Rad1 {
87} Qxc4 {44} 29. Bg5 {184} Nd3 {77} 30. Rd2 {138} Nd5 {313} 31. Rgd1 {75} Rxg5
{28} 32. Qxg5 {212} Rh5 {12} 33. Qg4 {32} N5f4+ {45} 34. Kg3 {81} Qd5 {78} 35.
Rxd3 {83} Nxd3 {14} 36. Qe4 {40} Qxe4 {31} 37. fxe4 {7} Nc5 {3} 38. f3 {22} Rh8
{36} 39. Rd5 {33} Kf6 {61} 40. Kg4 {16} a5 {44} 41. c4 {26} Rh7 {172} 42. e5+ {
19} Ke6 {68} 43. f4 {16} Rd7 {23} 44. Kg5 {93} Kf7 {322} 45. Rxd7+ {203} Nxd7 {
3} 46. e6+ {23} Kxe6 {1} 47. Kxg6 {10} a4 {49} 48. f5+ {87} Ke5 {16} 49. h5 {43
} c6 {105} 50. h6 {180} Nf6 {78} 51. Kf7 {115} b5 {32} 0-1

[Event "Ch FRA  2024 Open C"]
[Site "ALPE D'HUEZ, France"]
[Date "2024.08.23"]
[Round "7.1"]
[White "LEVY, Theo"]
[Black "TIRAN, Baptiste"]
[Result "1-0"]
[ECO "D02"]
[WhiteElo "1800"]
[BlackElo "1847"]
[PlyCount "163"]
[EventDate "2024.??.??"]
[TimeControl "90/40+30:0"]

1. Nf3 {45} d5 {23} 2. g3 {81} Nf6 {276} 3. Bg2 {89} e6 {203} 4. d4 {131} c5 {
71} 5. O-O {91} Nc6 {15} 6. b3 {314} Qb6 {479} 7. Bb2 {143} Bd7 {23} 8. e3 {101
} Rc8 {35} 9. dxc5 {494} Bxc5 {12} 10. Nc3 {109} Be7 {670} 11. Rc1 {159} O-O {
81} 12. Qe2 {954} Nb4 {208} 13. a4 {534} Rc7 {376} 14. Qd2 {997} Rfc8 {75} 15.
Nd4 {14} a6 {154} 16. Rfd1 {174} Bd6 {1144} 17. Ra1 {551} Rc5 {328} 18. Rdc1 {
69} e5 {336} 19. Nde2 {17} Qc7 {48} 20. Rd1 {375} Be6 {65} 21. Rac1 {84} Be7 {
195} 22. h3 {52} h6 {32} 23. Kh2 {92} e4 {60} 24. Qd4 {31} Nc6 {35} 25. Qd2 {20
} Nb4 {31} 26. Qd4 {84} Bf8 {95} 27. Ba3 {195} Rxc3 {30} 28. Bxb4 {154} Bxb4 {
24} 29. Qxb4 {24} Rxc2 {24} 30. Rxc2 {4} Qxc2 {7} 31. Rd2 {5} Qc7 {70} 32. Qd4
{98} Qc5 {53} 33. Qe5 {6} Nd7 {30} 34. Qb2 {17} Qb6 {51} 35. Nf4 {34} Nc5 {30}
36. Nxd5 {36} Bxd5 {64} 37. Rxd5 {10} Nxa4 {41} 38. Qe5 {93} Nc3 {53} 39. Rd7 {
43} Qxb3 {24} 40. Bxe4 {18} Nxe4 {100} 41. Qxe4 {141} a5 {105} 42. Rxb7 {48}
Qc2 {38} 43. Qf4 {132} Qc4 {25} 44. Qf5 {215} a4 {38} 45. Ra7 {33} Rb8 {92} 46.
Qe5 {212} Rc8 {47} 47. Qf5 {161} Rf8 {302} 48. Kg2 {104} Qc6+ {31} 49. Qf3 {48}
Qb5 {15} 50. Qe4 {53} Re8 {70} 51. Qxa4 {51} Qd5+ {0} 52. Kh2 {244} Rd8 {15}
53. Qa2 {48} Qxa2 {228} 54. Rxa2 {6} Kh7 {12} 55. g4 {40} h5 {104} 56. Kg3 {67}
hxg4 {10} 57. hxg4 {8} Re8 {51} 58. Kf4 {36} Re6 {26} 59. Ra5 {33} Rf6+ {26}
60. Rf5 {16} Ra6 {152} 61. Rxf7 {21} Kg6 {15} 62. Rd7 {35} Rf6+ {60} 63. Kg3 {
15} Re6 {36} 64. Rd5 {26} Ra6 {30} 65. Kf4 {34} Kf6 {76} 66. e4 {23} Ra4 {97}
67. f3 {24} Rb4 {14} 68. Rd6+ {54} Ke7 {16} 69. Ke5 {14} Rb5+ {153} 70. Rd5 {7}
Rb6 {7} 71. g5 {123} Rb4 {76} 72. Ra5 {83} Rb7 {17} 73. f4 {23} Rc7 {82} 74. f5
{18} g6 {49} 75. fxg6 {41} Kf8 {35} 76. Ra6 {72} Kg7 {22} 77. Kf5 {34} Rc1 {25}
78. Ra7+ {18} Kg8 {36} 79. g7 {102} Rc6 {312} 80. e5 {61} Rc8 {107} 81. Kf6 {45
} Re8 {414} 82. Rf7 {268} 1-0

[Event "Ch FRA  2024 Open C"]
[Site "ALPE D'HUEZ, France"]
[Date "2024.08.23"]
[Round "7.2"]
[White "BOHLI, Adam"]
[Black "PERUSSET, Barbara"]
[Result "1/2-1/2"]
[ECO "A45"]
[WhiteElo "1843"]
[BlackElo "1828"]
[PlyCount "51"]
[EventDate "2024.??.??"]
[TimeControl "90/40+30:0"]

1. e3 {1119} g6 {505} 2. d4 {790} Nf6 {118} 3. Nc3 {364} d5 {623} 4. Nce2 {311}
Bg7 {264} 5. Nf4 {75} O-O {90} 6. h4 {4} c5 {1031} 7. c3 {34} Qa5 {156} 8. Nf3
{117} Bg4 {238} 9. Nd3 {512} Ne4 {243} 10. Be2 {71} Nc6 {713} 11. Ng5 {591}
Bxe2 {147} 12. Kxe2 {8} c4 {702} 13. Ne1 {287} e5 {90} 14. Kf1 {119} Rae8 {101}
15. Nxe4 {33} dxe4 {20} 16. g3 {352} f5 {107} 17. Ng2 {55} Rd8 {227} 18. Qc2 {
456} Rf7 {68} 19. Bd2 {215} Rfd7 {151} 20. a3 {132} Qa6 {27} 21. Kg1 {103} h6 {
309} 22. Ne1 {77} Qb5 {56} 23. h5 {181} g5 {66} 24. a4 {1} Qd5 {98} 25. g4 Qe6
{1} 26. gxf5 {5} 1/2-1/2

[Event "Ch FRA  2024 Open C"]
[Site "ALPE D'HUEZ, France"]
[Date "2024.08.23"]
[Round "7.3"]
[White "GIRAUD, Antoine"]
[Black "DUROY, Luca"]
[Result "0-1"]
[ECO "C05"]
[WhiteElo "1737"]
[BlackElo "1843"]
[PlyCount "46"]
[EventDate "2024.??.??"]
[TimeControl "90/40+30:0"]

1. e4 {90} e6 {4} 2. d4 {34} d5 {6} 3. Nd2 {39} Nf6 {5} 4. e5 {44} Nfd7 {4} 5.
f4 {28} c5 {4} 6. c3 {39} Nc6 {4} 7. Ngf3 {49} Qb6 {17} 8. Nb3 {41} cxd4 {103}
9. cxd4 {21} Be7 {59} 10. Bd3 {231} O-O {343} 11. O-O {105} f6 {196} 12. Kh1 {
175} f5 {713} 13. Rg1 {355} Rf7 {171} 14. g4 {268} Nf8 {72} 15. gxf5 {559} exf5
{5} 16. Be3 {172} Nd8 {248} 17. Ng5 {147} Bxg5 {129} 18. Rxg5 {198} Qe6 {1194}
19. Nc5 {290} Qe8 {19} 20. Qh5 {162} b6 {152} 21. Rxg7+ {102} Kxg7 {20} 22. e6
{227} Bxe6 {41} 23. Rg1+ {111} Ng6 {12} 0-1

[Event "Ch FRA  2024 Open C"]
[Site "ALPE D'HUEZ, France"]
[Date "2024.08.23"]
[Round "7.4"]
[White "DESMET, Cyprien"]
[Black "UHRIMOV, Maxime"]
[Result "1/2-1/2"]
[ECO "C29"]
[WhiteElo "1839"]
[BlackElo "1820"]
[PlyCount "53"]
[EventDate "2024.??.??"]
[TimeControl "90/40+30:0"]

1. Nc3 {3} Nf6 {156} 2. e4 {24} e5 {30} 3. f4 {13} d5 {7} 4. fxe5 {17} Nxe4 {5}
5. Qf3 {16} Nc6 {9} 6. Bb5 {18} Nxc3 {15} 7. dxc3 {150} Qh4+ {6} 8. g3 {10}
Qe4+ {6} 9. Qxe4 {10} dxe4 {2} 10. Bxc6+ {24} bxc6 {2} 11. Be3 {47} h5 {6} 12.
Ne2 {29} h4 {25} 13. Kf2 {15} Rh5 {328} 14. Rhe1 {800} Rxe5 {181} 15. Bf4 {46}
Bc5+ {457} 16. Nd4 {46} Re7 {354} 17. gxh4 {112} Bf5 {325} 18. Be3 {163} Bd7 {
129} 19. Rg1 {220} f5 {220} 20. Rg6 {431} Bd6 {242} 21. Ne2 {333} O-O-O {386}
22. Nf4 {495} Rh8 {96} 23. Rxd6 {329} cxd6 {18} 24. Ng6 {6} Rhe8 {221} 25.
Nxe7+ {33} Rxe7 {2} 26. Rg1 {141} Be8 {159} 27. Rd1 {349} 1/2-1/2

[Event "Ch FRA 2024 Open C"]
[Site "ALPE D'HUEZ, France"]
[Date "2024.08.24"]
[Round "8.1"]
[White "DUROY, Luca"]
[Black "LEVY, Theo"]
[Result "1-0"]
[ECO "A42"]
[WhiteElo "1843"]
[BlackElo "1800"]
[PlyCount "77"]
[EventDate "2024.??.??"]
[TimeControl "90/40+30:0"]

1. d4 {0} g6 {82} 2. c4 {5} d6 {36} 3. Nc3 {5} Bg7 {36} 4. e4 {5} Nd7 {65} 5.
Be2 {40} e5 {93} 6. d5 {31} Nh6 {390} 7. h4 {113} f5 {265} 8. Bg5 {25} Nf6 {32}
9. h5 {70} Qd7 {134} 10. hxg6 {49} hxg6 {18} 11. Bxf6 {313} Bxf6 {223} 12. Qd2
{12} Qg7 {139} 13. O-O-O {106} Bd7 {185} 14. f3 {109} Ke7 {192} 15. Nh3 {245}
Nf7 {97} 16. Kb1 {151} a5 {470} 17. c5 {1022} g5 {390} 18. g4 {1145} fxg4 {227}
19. fxg4 {5} Rh4 {30} 20. Nf2 {118} Rah8 {0} 21. Nb5 {236} Bxb5 {205} 22. Bxb5
{4} Ra8 {38} 23. cxd6+ {105} Nxd6 {18} 24. Bd3 {70} b5 {97} 25. Qc3 {52} Kd8 {
72} 26. Qc6 {140} Rb8 {15} 27. Rc1 {80} Qd7 {286} 28. Qc2 {545} b4 {156} 29.
Qd2 {102} Qe7 {502} 30. Rc6 {195} Rxh1+ {556} 31. Nxh1 {5} Qh7 {17} 32. Ng3 {49
} Be7 {174} 33. Qf2 {146} Nb5 {752} 34. Bxb5 {108} Rxb5 {5} 35. Qa7 {37} Bd6 {
14} 36. Qa8+ {4} Kd7 {26} 37. Rxd6+ {7} Kxd6 {52} 38. Qc6+ {4} Ke7 {9} 39.
Qxc7+ {4} 1-0

[Event "Ch FRA 2024 Open C"]
[Site "ALPE D'HUEZ, France"]
[Date "2024.08.24"]
[Round "8.2"]
[White "PERUSSET, Barbara"]
[Black "NEGRE, Maxime"]
[Result "1/2-1/2"]
[ECO "C54"]
[WhiteElo "1828"]
[BlackElo "1779"]
[PlyCount "53"]
[EventDate "2024.??.??"]
[TimeControl "90/40+30:0"]

1. e4 {6} e5 {31} 2. Nf3 {58} Nc6 {19} 3. Bc4 {27} Bc5 {48} 4. c3 {36} Nf6 {20}
5. d3 {13} d6 {22} 6. Bb3 {16} a6 {325} 7. O-O {23} O-O {22} 8. h3 {855} h6 {
196} 9. Nbd2 {42} Be6 {138} 10. Bc2 {8} Ba7 {131} 11. Re1 {150} Qd7 {300} 12.
Nf1 {217} Rfe8 {57} 13. d4 {810} exd4 {1001} 14. cxd4 {224} d5 {63} 15. e5 {180
} Ne4 {36} 16. Be3 {914} f6 {282} 17. exf6 {382} Nxf6 {9} 18. Ne5 {32} Nxe5 {
689} 19. dxe5 {18} d4 {235} 20. Bxh6 {130} gxh6 {309} 21. exf6 {15} Bf5 {230}
22. f7+ {687} Qxf7 {335} 23. Bb3 {68} Re6 {22} 24. Bxe6 {682} Bxe6 {8} 25. Qd3
{96} Rf8 {143} 26. Qd2 {252} Qg6 {107} 27. Kh1 {256} 1/2-1/2

[Event "Ch FRA 2024 Open C"]
[Site "ALPE D'HUEZ, France"]
[Date "2024.08.24"]
[Round "8.3"]
[White "DEFIX, Timothee"]
[Black "BOHLI, Adam"]
[Result "0-1"]
[ECO "B15"]
[WhiteElo "1804"]
[BlackElo "1843"]
[PlyCount "122"]
[EventDate "2024.??.??"]
[TimeControl "90/40+30:0"]

1. e4 {2} c6 {1253} 2. d4 {15} d5 {158} 3. Nc3 {12} a6 {2} 4. exd5 {159} cxd5 {
60} 5. Nf3 {34} Bg4 {74} 6. h3 {37} Bxf3 {18} 7. Qxf3 {2} e6 {17} 8. Bd3 {165}
Nc6 {15} 9. Ne2 {100} Nb4 {229} 10. c3 {77} Nxd3+ {6} 11. Qxd3 {4} Nf6 {102}
12. O-O {107} Qc7 {801} 13. Bf4 {103} Bd6 {37} 14. Qe3 {41} Bxf4 {265} 15. Nxf4
{37} O-O {1} 16. Nd3 {12} Ne4 {240} 17. Rfe1 {55} Nd6 {311} 18. Ne5 {849} Nc4 {
17} 19. Nxc4 {28} Qxc4 {7} 20. Qe2 {334} b5 {204} 21. Qf3 {285} b4 {181} 22. b3
{342} Qxc3 {47} 23. Qxc3 {2} bxc3 {0} 24. Rac1 {31} Rfc8 {2} 25. Re3 {12} c2 {
521} 26. Re2 {43} Kf8 {5} 27. Rexc2 {6} Rxc2 {2} 28. Rxc2 {2} Ra7 {6} 29. Kf1 {
47} Ke7 {4} 30. Ke2 {5} Kd7 {527} 31. Kd2 {43} g5 {223} 32. Rc3 {23} Ke7 {695}
33. Rg3 {0} Kf6 {79} 34. Rf3+ {10} Kg6 {64} 35. Rc3 {12} Kf5 {69} 36. Ke3 {115}
h5 {32} 37. g3 {33} g4 {120} 38. h4 {8} f6 {118} 39. Rc6 {8} a5 {34} 40. a3 {10
} Rb7 {61} 41. Rc3 {7} e5 {196} 42. Kd3 {113} Rb5 {348} 43. Ke3 {9} Rb6 {96}
44. Kd3 {12} Rb5 {206} 45. Ke3 {13} Rb6 {183} 46. Kd3 {16} Ke6 {513} 47. Kc2 {
138} exd4 {61} 48. Rc5 {66} Ra6 {46} 49. Kd3 {60} Ke5 {11} 50. Rc8 {12} Rb6 {12
} 51. Re8+ {37} Kf5 {26} 52. Kxd4 {511} Rxb3 {152} 53. Re3 {6} Rb2 {20} 54.
Kxd5 {148} Rxf2 {5} 55. Kd4 {98} a4 {189} 56. Kc4 {152} Rf3 {17} 57. Rc3 {13}
Rxc3+ {92} 58. Kxc3 {1} Ke4 {1} 59. Kb4 {11} f5 {13} 60. Kxa4 {14} f4 {3} 61.
Kb5 {9} f3 {4} 0-1

[Event "Ch FRA 2024 Open C"]
[Site "ALPE D'HUEZ, France"]
[Date "2024.08.24"]
[Round "8.4"]
[White "UHRIMOV , Maxime"]
[Black "HAMM, Rodrigue"]
[Result "0-1"]
[ECO "D25"]
[WhiteElo "1820"]
[BlackElo "1819"]
[PlyCount "100"]
[EventDate "2024.??.??"]
[TimeControl "90/40+30:0"]

1. d4 {29} d5 {32} 2. Nf3 {6} Nf6 {13} 3. c4 {18} dxc4 {10} 4. e3 {28} Bg4 {17}
5. Bxc4 {36} e6 {82} 6. O-O {361} Nc6 {67} 7. Nc3 {47} Bd6 {64} 8. Be2 {933}
O-O {134} 9. e4 {268} Bxf3 {61} 10. gxf3 {503} Nxd4 {20} 11. f4 {9} Nxe2+ {95}
12. Qxe2 {19} Bc5 {167} 13. e5 {254} Nd5 {115} 14. Ne4 {23} Bb6 {78} 15. Qh5 {
76} f6 {255} 16. Kh1 {206} fxe5 {156} 17. Ng5 {170} Nf6 {25} 18. Qh3 {75} Qd5+
{281} 19. Kg1 {95} Rae8 {51} 20. Re1 {116} exf4 {218} 21. Bxf4 {127} Qf5 {126}
22. Qxf5 {337} exf5 {23} 23. Rac1 {301} h6 {213} 24. Nf3 {81} Ne4 {99} 25. Be3
{68} Bxe3 {37} 26. Rxe3 {37} c5 {130} 27. Ne1 {300} f4 {396} 28. Ra3 {48} Rf6 {
83} 29. f3 {299} Nd2 {101} 30. Rd3 {356} Re2 {70} 31. Rdc3 {391} Rg6+ {42} 32.
Kh1 {17} Nf1 {18} 33. R3c2 {5} Rxc2 {160} 34. Nxc2 {140} Ne3 {131} 35. Nxe3 {7}
fxe3 {38} 36. Rxc5 {10} Re6 {178} 37. Rc1 {55} Rd6 {40} 38. Re1 {194} Rd2 {6}
39. Rxe3 {18} Rxb2 {5} 40. a3 {94} Kf7 {21} 41. Kg1 {74} Kf6 {26} 42. a4 {109}
Kg5 {60} 43. Re4 {24} Kf6 {50} 44. Kh1 {140} a5 {39} 45. Kg1 {58} Rb4 {38} 46.
Re2 {312} Rxa4 {12} 47. Rb2 {7} Rb4 {8} 48. Ra2 {7} a4 {14} 49. Kf2 {9} b5 {9}
50. Ke3 {11} Ke5 {30} 0-1

[Event "Ch FRA 2024 Open C"]
[Site "ALPE D'HUEZ, France"]
[Date "2024.08.25"]
[Round "9.1"]
[White "BOHLI, Adam"]
[Black "DUROY , Luca"]
[Result "0-1"]
[ECO "A06"]
[WhiteElo "1843"]
[BlackElo "1843"]
[PlyCount "82"]
[EventDate "2024.??.??"]
[TimeControl "90/40+30:0"]

1. Nf3 {468} d5 {22} 2. e3 {643} Bg4 {20} 3. c4 {34} e6 {19} 4. Qb3 {140} b6 {
304} 5. Ne5 {623} Bf5 {1430} 6. cxd5 {816} Qxd5 {61} 7. Bb5+ {223} Ke7 {15} 8.
Qxd5 {553} exd5 {5} 9. Nc3 {47} Be6 {10} 10. d4 {200} f6 {146} 11. Nd3 {55} c6
{0} 12. Ba4 {59} Bf5 {0} 13. Nf4 {215} g5 {0} 14. Nfe2 {52} Kf7 {0} 15. Ng3 {
222} Bg6 {0} 16. Bb3 {173} Kg7 {0} 17. Nxd5 {214} Na6 18. Nc3 c5 19. d5 Nb4 20.
e4 {0} c4 {0} 21. Bd1 {956} Bc5 22. O-O Nh6 23. Be2 Rac8 24. Bd2 Nf7 25. Bg4
Rcd8 26. Nb5 h5 27. Be6 h4 28. Nf5+ Bxf5 29. Bxf5 Nxd5 30. Nxa7 Ne7 31. Be3 Nd6
32. Bxc5 bxc5 33. a4 Ndxf5 34. exf5 Nxf5 35. h3 Rd2 36. Rfc1 Re8 37. Rxc4 Ree2
38. Rf1 Ne3 39. Re4 Nxf1 40. Rxe2 {0} Rxe2 {0} 41. Kxf1 {3778} Rxb2 {6} 0-1